[Event "Late-Titled-Tuesday-Blitz-March-26-2024"]
[Site "Chess.com"]
[Date "2024.03.26"]
[Round "2"]
[White "GiorgianBarbosa"]
[Black "Iuckyducky"]
[Result "1-0"]
[WhiteElo "2511"]
[BlackElo "2294"]
[TimeControl "180+1"]
[EndTime "14:17:16 PDT"]
[Termination "GiorgianBarbosa won by resignation"]

1. e4 c5 2. Nf3 Nc6 3. d4 cxd4 4.
Nxd4 Nf6 5. Nc3 e5 6. Ndb5 d6 7. a4 a6 8. Na3 Be6 9. Bc4 Be7 10. O-O O-O 11. Re1 Nd4 12. Be3 Qb6 13. Rb1 Rac8 14.
Nd5 Bxd5 15. Bxd5 Nxd5 16. exd5 Qa5 17. Bxd4 Qxa4 18. Be3 b5 19. c3 Bf6 20. Nc2 g6 21.
Nb4 Qb3 22. Nc6 1-0

[Event "Late-Titled-Tuesday-Blitz-March-26-2024"]
[Site "Chess.com"]
[Date "2024.03.26"]
[Round "2"]
[White "Jospem"]
[Black "tarno17"]
[Result "1-0"]
[WhiteElo "3079"]
[BlackElo "2209"]
[TimeControl "180+1"]
[EndTime "14:17:17 PDT"]
[Termination "Jospem won by checkmate"]

1. e4 c5 2. Nf3 e6 3. c3 d5 4. e5 Nc6 5. g3 d4 6. Bg2 d3 7. O-O Nge7 8. Re1 Ng6 9. Qa4 a6 10.
Qe4 Qc7 11. Qxd3 Ncxe5 12. Nxe5 Nxe5 13. Qe2 Bd6 14. d4 cxd4 15. cxd4 Ng6 16. h4 O-O 17. Nc3 e5 18. Nd5 Qd8 19. h5 Ne7 20. dxe5 Nxd5 21.
Bxd5 Bc5 22. Bg2 Be6 23. h6 Rb8 24. hxg7 Kxg7 25. Be3 Bxe3 26. Qxe3 Qe7 27. Rad1 Kh8 28. Rd4 Rg8 29. Rh4 Rg7 30. Qf4 Rbg8 31. Be4 Qc5 32. Kg2 Bd5 33. Reh1 Bxe4+ 34. Qxe4 Qc6 35. Rxh7+ Rxh7 36.
Rxh7# 1-0

[Event "Late-Titled-Tuesday-Blitz-March-26-2024"]
[Site "Chess.com"]
[Date "2024.03.26"]
[Round "2"]
[White "lluiss"]
[Black "tolimachess"]
[Result "1-0"]
[WhiteElo "2232"]
[BlackElo "2458"]
[TimeControl "180+1"]
[EndTime "14:17:18 PDT"]
[Termination "lluiss won by resignation"]

1. Nf3 Nf6 2. d4 d5 3. c4 e6 4. cxd5 exd5 5. Nc3 Be7 6. Bg5 O-O 7. e3 c6 8. Qc2 Nbd7 9. Bd3 Re8 10. O-O-O b5 11.
Kb1 a5 12. Ne2 Bb7 13. Ne5 Ne4 14. Bxe4 dxe4 15. h4 Bxg5 16. hxg5 Nxe5 17. dxe5 Qxg5 18. Nf4 Rxe5 19. Rd7 Re7 20. Rhd1 Rxd7 21. Rxd7 Bc8 22. Qxc6 Rb8 23. Qc7 Ra8 24. Rd8+ 1-0

[Event "Late-Titled-Tuesday-Blitz-March-26-2024"]
[Site "Chess.com"]
[Date "2024.03.26"]
[Round "2"]
[White "Aragon"]
[Black "ploxoi"]
[Result "0-1"]
[WhiteElo "2059"]
[BlackElo "2432"]
[TimeControl "180+1"]
[EndTime "14:17:23 PDT"]
[Termination "ploxoi won by resignation"]

1. e4 c6 2. Nf3 d5 3. d3 dxe4 4. dxe4 Qxd1+ 5. Kxd1 Bg4 6. Bd3 Nd7 7. Ke2 Ne5 8. Nd2 O-O-O 9. h3 Nxd3 10. cxd3 Bh5 11. a4 e6 12. g4 Bg6 13. Nc4 f6 14. Be3 a6 15. Nd4 Bf7 16. Rhc1 Kb8 17. Na5 Ne7 18. b4 e5 19. Ndb3 Ng6 20. b5 cxb5 21. axb5 axb5 22.
Bb6 Rd7 23. Nc5 Bxc5 24. Bxc5 Rhd8 25. Ra3 Nf4+ 26. Kf1 Rxd3 27. Rxd3 Rxd3 28. Bb6 Rxh3 29. f3 Rh1+ 0-1

[Event "Late-Titled-Tuesday-Blitz-March-26-2024"]
[Site "Chess.com"]
[Date "2024.03.26"]
[Round "2"]
[White "omeed_87"]
[Black "aceontheturn"]
[Result "1/2-1/2"]
[WhiteElo "2421"]
[BlackElo "2741"]
[TimeControl "180+1"]
[EndTime "14:17:24 PDT"]
[Termination "Game drawn by repetition"]

1. d4 d5 2. Nf3 e6 3. Bf4 c5 4.
e3 Nc6 5. Nbd2 cxd4 6. exd4 Bd6 7. Bg3 Nge7 8. c3 O-O 9. Bd3 Nf5 10. Qe2 Bd7 11. Bxd6 Nxd6 12. h4 h6 13. Ne5 Nxe5 14.
dxe5 Nf5 15. Nf3 Ne7 16. g4 Ng6 17. Qe3 d4 18. Nxd4 Bc6 19. f3 Qd5 20. Bxg6 fxg6 21. O-O-O Qxa2 22. Qd3 Ba4 23. Rd2 Rad8 24. Qxg6 Rxd4 25.
Rxd4 Rc8 26. Rxa4 Qxa4 27. Qxe6+ Kh7 28. Qxc8 Qa1+ 29. Kd2 Qxh1 30. Qf5+ Kh8 31. h5 Qg2+ 32.
Kc1 Qf1+ 33. Kc2 Qe2+ 34. Kb3 Qb5+ 35. Kc2 Qe2+ 36. Kb1 Qd1+ 37. Ka2 Qa4+ 38. Kb1 Qd1+ 39. Ka2 Qa4+ 40. Kb1 Qd1+ 1/2-1/2

[Event "Late-Titled-Tuesday-Blitz-March-26-2024"]
[Site "Chess.com"]
[Date "2024.03.26"]
[Round "2"]
[White "Road2GM3000"]
[Black "Aural1011"]
[Result "1-0"]
[WhiteElo "2419"]
[BlackElo "1791"]
[TimeControl "180+1"]
[EndTime "14:17:26 PDT"]
[Termination "Road2GM3000 won by checkmate"]

1. d3 Nf6 2. g3 e6 3. Bg2 d5 4. c4 c6 5. cxd5 exd5 6. Nf3 h6 7. O-O Bd6 8. Nbd2 O-O 9. Re1 Re8 10. e4 dxe4 11. dxe4 Bg4 12. Nc4 Bc7 13. Qb3 b5 14. Ne3 Be6 15. Qc2 Ba5 16. Rd1 Qb6 17. e5 Nd5 18. Nd4 Rd8 19. a3 Qc7 20. Nxe6 fxe6 21. b4 Bb6 22. Nxd5 exd5 23. Bf4 Qf7 24. Rac1 Rf8 25.
Qa2 a5 26. bxa5 Rxa5 27. Rxd5 g5 28. e6 Qf6 29. e7 Qxe7 30. Rxg5+ Kh8 31. Be5+ Qxe5 32.
Rxe5 Rxf2 33. Qxf2 Bxf2+ 34. Kxf2 Nd7 35. Re8+ Kg7 36.
Re7+ Kf6 37. Rxd7 Rxa3 38. Rxc6+ Ke5 39. Rd5# 1-0

[Event "Late-Titled-Tuesday-Blitz-March-26-2024"]
[Site "Chess.com"]
[Date "2024.03.26"]
[Round "2"]
[White "Fonsofan"]
[Black "Dontmesswithme_2"]
[Result "1-0"]
[WhiteElo "2732"]
[BlackElo "2406"]
[TimeControl "180+1"]
[EndTime "14:17:29 PDT"]
[Termination "Fonsofan won by checkmate"]

1. b4 d5 2. e3 e5 3. Bb2 Bd6 4. Nf3 Nd7 5. c4 c6 6. Nc3 Ngf6 7.
cxd5 cxd5 8. Qb3 e4 9. Nd4 Nb6 10. a4 a5 11. bxa5 Rxa5 12. Bb5+ Bd7 13. Nf5 Be5 14.
Nxe4 Bxb5 15. Bxe5 Bxa4 16. Nxf6+ gxf6 17. Qb4 fxe5 18. Qxa5 Bc6 19. Qb4 Nc4 20. d3 Qb6 21. Ra8+ Kd7 22.
Qe7# 1-0

[Event "Late-Titled-Tuesday-Blitz-March-26-2024"]
[Site "Chess.com"]
[Date "2024.03.26"]
[Round "2"]
[White "Zampronha1971"]
[Black "Gentlejimmy7"]
[Result "0-1"]
[WhiteElo "2364"]
[BlackElo "2678"]
[TimeControl "180+1"]
[EndTime "14:17:29 PDT"]
[Termination "Gentlejimmy7 won on time"]

1. e4 c6 2. d4 d5 3. e5 c5 4.
Nf3 Nc6 5. c4 cxd4 6. Nxd4 dxc4 7.
Nxc6 Qxd1+ 8. Kxd1 bxc6 9. Bxc4 Bf5 10. Nc3 e6 11. Ke2 Ne7 12. Bd2 Nd5 13. Rac1 Be7 14. Nxd5 exd5 15. Bd3 Bxd3+ 16. Kxd3 Kd7 17. f4 g6 18. Be3 h5 19. b3 a5 20. Bc5 Bxc5 21.
Rxc5 a4 22. b4 Rhb8 23. a3 Rb6 24. Rhc1 Raa6 25. Kd4 Ke6 26. Rb1 Ra8 27. b5 Rab8 28. Rb4 Rxb5 29. Rxc6+ Ke7 30. Rxb5 Rxb5 31. Rc7+ Ke8 32.
Ra7 Rb2 33. Rxa4 Rxg2 34. Kxd5 Rxh2 35. Ra8+ Ke7 36. Ra7+ Kf8 37. Ra8+ Kg7 38. Ra7 Rd2+ 39. Ke4 Kf8 40. a4 h4 0-1

[Event "Late-Titled-Tuesday-Blitz-March-26-2024"]
[Site "Chess.com"]
[Date "2024.03.26"]
[Round "2"]
[White "janhelmer03"]
[Black "hellokostya"]
[Result "1-0"]
[WhiteElo "2393"]
[BlackElo "2578"]
[TimeControl "180+1"]
[EndTime "14:17:31 PDT"]
[Termination "janhelmer03 won by resignation"]

1. Nf3 Nf6 2. c4 g6 3. Nc3 Bg7 4. e4 d6 5. d4 O-O 6. Be2 e5 7.
O-O h6 8. dxe5 dxe5 9. Qxd8 Rxd8 10. Nxe5 Nxe4 11. Nxf7 Nxc3 12. Nxd8 Nxe2+ 13. Kh1 Nxc1 14. Raxc1 Bf6 15. Rfe1 Kg7 16. Re8 Bd7 17. Ne6+ Kf7 18. Nxc7 Bxe8 19. Nxa8 Na6 20. a3 b6 21. b4 Bb2 22. Rc2 Bxa3 23. Ra2 Nxb4 24. Rxa3 a5 25.
Nxb6 Nc6 26. c5 Kf6 27. Nc4 Ke6 28. Nxa5 Nd4 29. Re3+ Kd7 30. c6+ 1-0

[Event "Late-Titled-Tuesday-Blitz-March-26-2024"]
[Site "Chess.com"]
[Date "2024.03.26"]
[Round "2"]
[White "prochn"]
[Black "NitaLucian"]
[Result "1-0"]
[WhiteElo "2501"]
[BlackElo "2273"]
[TimeControl "180+1"]
[EndTime "14:17:32 PDT"]
[Termination "prochn won by resignation"]

1. d4 d6 2. Nf3 Nf6 3. g3 Nbd7 4. Bg2 e5 5. dxe5 dxe5 6. O-O Bc5 7. c4 O-O 8. Nc3 a5 9. b3 c6 10. Bb2 Qc7 11.
h3 Re8 12. Nd2 Nf8 13. a3 Bf5 14. Nde4 Nxe4 15. Nxe4 Ba7 16. b4 axb4 17. axb4 Rad8 18. Qb3 Bd4 19. c5 Bxb2 20. Qxb2 Rd4 21. Nd6 Rxd6 22. cxd6 Qxd6 23. Rfd1 Qh6 24. h4 g5 25. Qd2 Ne6 26.
Ra7 Rd8 27. Qc1 Rxd1+ 28. Qxd1 gxh4 29. Ra8+ Kg7 30. Qd6 Kf6 31. Ra5 Qc1+ 32. Kh2 hxg3+ 33. fxg3 Qh6+ 34. Kg1 Qe3+ 35. Kf1 Qxg3 36. b5 cxb5 37. Rxb5 h5 38. Rxb7 Bh3 39. Qe7+ Kg6 40. Qxf7+ Kh6 41. Qh7+ Kg5 42. Qg8+ Kh4 43. Qxg3+ Kxg3 44. Rb3+ 1-0

[Event "Late-Titled-Tuesday-Blitz-March-26-2024"]
[Site "Chess.com"]
[Date "2024.03.26"]
[Round "2"]
[White "JiiHart"]
[Black "vladoboch"]
[Result "0-1"]
[WhiteElo "2195"]
[BlackElo "2470"]
[TimeControl "180+1"]
[EndTime "14:17:34 PDT"]
[Termination "vladoboch won by checkmate"]

1. e4 a6 2. c4 c6 3. a4 d5 4. exd5 cxd5 5. d4 Nf6 6. Nc3 Nc6 7. c5 Bg4 8. f3 Bf5 9. a5 Nxa5 10. Qa4+ Nc6 11.
Bf4 Bd7 12. Nb5 Rc8 13. Nc3 e5 14. dxe5 Nxe5 15. Qc2 Ng6 16. Bd6 Bxd6 17. cxd6 O-O 18. Qd2 Re8+ 19. Be2 Qb6 20. h4 Nxh4 21. Rxh4 Qxg1# 0-1

[Event "Late-Titled-Tuesday-Blitz-March-26-2024"]
[Site "Chess.com"]
[Date "2024.03.26"]
[Round "2"]
[White "ThinkingSquares"]
[Black "YoreDea"]
[Result "0-1"]
[WhiteElo "2793"]
[BlackElo "2559"]
[TimeControl "180+1"]
[EndTime "14:17:36 PDT"]
[Termination "YoreDea won by resignation"]

1. d4 d5 2. c4 e6 3. Nf3 Nf6 4.
Nc3 c6 5. e3 Nbd7 6. Qc2 Bd6 7.
Be2 dxc4 8. a4 O-O 9. O-O e5 10. Bxc4 Qc7 11. h3 a6 12. Bd2 b6 13. Rae1 Bb7 14. Ba2 h6 15. Nh4 exd4 16. exd4 c5 17.
Bxh6 gxh6 18. Qg6+ Kh8 19. Qxh6+ Nh7 20. Bb1 Nf6 21.
Bxh7 Nxh7 22. Nf5 Rg8 23. Ne4 Bf8 24. Qh4 Qd8 25. Qf4 Qd5 26. dxc5 bxc5 27. Re3 Re8 28.
Rfe1 Rg5 29. Qxg5 Nxg5 0-1

[Event "Late-Titled-Tuesday-Blitz-March-26-2024"]
[Site "Chess.com"]
[Date "2024.03.26"]
[Round "2"]
[White "secretsuperstar7"]
[Black "Budisavljevic"]
[Result "0-1"]
[WhiteElo "2499"]
[BlackElo "2775"]
[TimeControl "180+1"]
[EndTime "14:17:36 PDT"]
[Termination "Budisavljevic won on time"]

1. c4 e6 2. Nc3 d5 3. e3 Nf6 4. Nf3 c5 5. d4 a6 6. b3 cxd4 7. exd4 Bb4 8. Bd2 Nc6 9. a3 Be7 10. c5 Ne4 11. Bd3 f5 12. O-O Bf6 13. Ne2 g5 14.
Be3 Bd7 15. b4 h5 16. Ne5 Nxe5 17. dxe5 Bxe5 18. Bd4 Bxd4 19. Nxd4 Qf6 20. Bxe4 dxe4 21. Rc1 Rd8 22. Qd2 Bb5 23. Rfd1 e5 24. a4 Bxa4 25. c6 Bxc6 26. b5 axb5 27. Nxc6 Rxd2 28. Rxd2 bxc6 29.
Ra1 O-O 0-1

[Event "Late-Titled-Tuesday-Blitz-March-26-2024"]
[Site "Chess.com"]
[Date "2024.03.26"]
[Round "2"]
[White "kingofthenil"]
[Black "semchik73"]
[Result "1-0"]
[WhiteElo "2762"]
[BlackElo "2419"]
[TimeControl "180+1"]
[EndTime "14:17:38 PDT"]
[Termination "kingofthenil won by resignation"]

1. d4 d5 2. c4 c6 3. cxd5 cxd5 4. Bf4 Nf6 5. e3 Nc6 6. Nc3 e6 7. Bd3 Bd6 8. Bxd6 Qxd6 9. f4 O-O 10. Nf3 Ne7 11. O-O Nf5 12. Qe2 Ng4 13. Nd1 Bd7 14. Ne5 Nxe5 15. fxe5 Qb6 16. Nc3 f6 17. Bxf5 exf5 18. Nxd5 Qa5 19. Ne7+ Kh8 20. Qh5 fxe5 21.
Ng6+ Kg8 22. Nxf8 Rxf8 23. Rad1 e4 24. a3 g6 25. Qg5 Bb5 26. Rf2 Bd3 27. Rc1 Qb6 28. h4 f4 29. Rxf4 Rxf4 30. Qxf4 Qe6 31. Rc7 h5 32. Rxb7 Bc4 33. Qb8+ 1-0

[Event "Late-Titled-Tuesday-Blitz-March-26-2024"]
[Site "Chess.com"]
[Date "2024.03.26"]
[Round "2"]
[White "sergiochess83"]
[Black "jinbojinbo"]
[Result "1/2-1/2"]
[WhiteElo "2990"]
[BlackElo "2643"]
[TimeControl "180+1"]
[EndTime "14:17:42 PDT"]
[Termination "Game drawn by agreement"]

1. d4 Nf6 2. c4 e6 3. g3 d5 4. Bg2 Bb4+ 5. Nd2 O-O 6. Nf3 dxc4 7.
O-O b5 8. a4 c3 9. Nb3 cxb2 10.
Bxb2 bxa4 11. Rxa4 a5 12. Ne5 Ra6 13. Ba3 Bxa3 14. Rxa3 Nfd7 15. Nd3 Qe7 16. Rxa5 Rxa5 17. Nxa5 c5 18. Qa4 Ba6 19. Qa3 Bxd3 20. exd3 Qg5 21. h4 Qh5 22. dxc5 Qxc5 23. Qxc5 Nxc5 24. d4 Ncd7 25. Rc1 Nf6 26. Nb7 Nbd7 27. Rc7 Nb6 28. Nd6 Nbd5 29. Rb7 h6 30. Nc4 Rc8 31. Bxd5 Nxd5 32. Ne5 1/2-1/2

[Event "Late-Titled-Tuesday-Blitz-March-26-2024"]
[Site "Chess.com"]
[Date "2024.03.26"]
[Round "2"]
[White "mishanick"]
[Black "Laico"]
[Result "1-0"]
[WhiteElo "3051"]
[BlackElo "2405"]
[TimeControl "180+1"]
[EndTime "14:17:42 PDT"]
[Termination "mishanick won by resignation"]

1. d4 e6 2. c4 f5 3. Nc3 b6 4.
Bf4 Bb4 5. e3 Bxc3+ 6. bxc3 Bb7 7. Nf3 Nf6 8. Bd3 O-O 9. Qc2 d6 10. Bg5 Nbd7 11. d5 Nc5 12. dxe6 Nxd3+ 13. Qxd3 Be4 14.
Qd2 Bxf3 15. gxf3 Qe7 16. Rg1 Qxe6 17. Qd4 Rae8 18. O-O-O Rf7 19. Kb2 Nd7 20. Bf4 Ne5 21.
Bxe5 Qxe5 22. Qd5 Kf8 23. f4 Qe4 24. Kb3 a5 25. Rd4 Qe7 26. Qc6 Qe6 27. h4 b5 28.
Qxb5 c5 29. Rd5 Qc8 30. Rxd6 Rb7 31. Rb6 Ree7 32. Ka3 Rxb6 33. Qxb6 Rb7 34. Qd6+ Kf7 35. Qe5 g6 36. h5 Qc6 37. hxg6+ hxg6 38. Qd5+ 1-0

[Event "Late-Titled-Tuesday-Blitz-March-26-2024"]
[Site "Chess.com"]
[Date "2024.03.26"]
[Round "2"]
[White "Irishchessman16"]
[Black "Mops_2004"]
[Result "1/2-1/2"]
[WhiteElo "2552"]
[BlackElo "2807"]
[TimeControl "180+1"]
[EndTime "14:17:44 PDT"]
[Termination "Game drawn by agreement"]

1. d4 g6 2. e4 Bg7 3. Nf3 d6 4. Be3 a6 5. c4 Nc6 6. Nc3 Bg4 7. Be2 e5 8. d5 Bxf3 9. Bxf3 Nd4 10. O-O Ne7 11.
Be2 c5 12. dxc6 bxc6 13. Bd3 O-O 14. Ne2 c5 15. Nc3 Rb8 16. b3 f5 17. f4 exf4 18. Bxf4 Nxb3 19. axb3 Bxc3 20. Rxa6 Rb6 21. Rxb6 Qxb6 22.
exf5 Nxf5 23. Bxf5 Bd4+ 24. Kh1 Rxf5 25. h3 Be5 26.
Bh6 Rxf1+ 27. Qxf1 Bg7 28. Bxg7 Kxg7 29. Qd3 Kf6 30.
Qf3+ Ke7 31. Qe3+ Kd7 1/2-1/2

[Event "Late-Titled-Tuesday-Blitz-March-26-2024"]
[Site "Chess.com"]
[Date "2024.03.26"]
[Round "2"]
[White "Iball95"]
[Black "Aram7Adam"]
[Result "1-0"]
[WhiteElo "2881"]
[BlackElo "2440"]
[TimeControl "180+1"]
[EndTime "14:17:44 PDT"]
[Termination "Iball95 won by resignation"]

1. e4 c5 2. Nf3 Nc6 3. Nc3 d6 4.
Bb5 Bd7 5. Bxc6 Bxc6 6. d4 cxd4 7.
Qxd4 Nf6 8. Bg5 e6 9. O-O-O Be7 10. Rhe1 Qc7 11. e5 dxe5 12. Nxe5 O-O 13. Qc4 Rac8 14.
Nxc6 Qxc6 15. Qxc6 Rxc6 16. Ne4 Rfc8 17. Re2 h6 18.
Nxf6+ Bxf6 19. Bxf6 gxf6 20. Rd3 f5 21. c3 Kg7 22.
Kc2 R8c7 23. Ree3 Rc8 24. Rd7 R6c7 25. Red3 Kf6 26. a4 b6 27. b4 h5 28. Kb3 h4 29.
Rxc7 Rxc7 30. c4 e5 31. Rd6+ Kg5 32. Rd5 f6 33. c5 f4 34. Kc4 h3 35. gxh3 Kh4 36.
Rd6 bxc5 37. bxc5 Kxh3 38. Rxf6 Kxh2 39. Kd5 Kg2 40. c6 Kxf2 41. Kxe5 f3 42. Kd6 Rc8 43. c7 Ke2 44. Kd7 Rh8 45. c8=Q Rxc8 46. Kxc8 f2 47. a5 f1=Q 48. Rxf1 Kxf1 49. Kb7 Ke2 50. Kxa7 Kd3 51. Kb7 Kd4 52. a6 Kd5 53. a7 1-0

[Event "Late-Titled-Tuesday-Blitz-March-26-2024"]
[Site "Chess.com"]
[Date "2024.03.26"]
[Round "2"]
[White "baki83"]
[Black "elmusmolamas"]
[Result "1-0"]
[WhiteElo "2896"]
[BlackElo "2493"]
[TimeControl "180+1"]
[EndTime "14:17:47 PDT"]
[Termination "baki83 won by resignation"]

1. e4 c5 2. Nf3 e6 3. c3 Nf6 4. e5 Nd5 5. a3 d6 6. d4 cxd4 7.
c4 Ne7 8. exd6 Nf5 9. c5 Nc6 10. b4 h6 11. Nbd2 g5 12. g4 Nxd6 13. cxd6 Bxd6 14.
Bg2 O-O 15. Bb2 Bf4 16. O-O e5 17. h3 Qf6 18. Re1 Qh8 19. b5 h5 20. bxc6 hxg4 21. cxb7 Bxb7 22. hxg4 Rab8 23. Rb1 Rfe8 24. Ne4 f6 25. Ba1 Kg7 26. Nd6 Re7 27. Nf5+ Kf7 28. Nxe7 Kxe7 29. Bxd4 Bxf3 30. Bc5+ Kf7 31. Qxf3 Qh2+ 32.
Kf1 Rxb1 33. Rxb1 1-0

[Event "Late-Titled-Tuesday-Blitz-March-26-2024"]
[Site "Chess.com"]
[Date "2024.03.26"]
[Round "2"]
[White "Andrey_Klymchuk"]
[Black "The_Straightforward_Rook"]
[Result "1-0"]
[WhiteElo "2684"]
[BlackElo "2384"]
[TimeControl "180+1"]
[EndTime "14:17:47 PDT"]
[Termination "Andrey_Klymchuk won by checkmate"]

1. e4 c5 2. Nf3 Nc6 3. d4 cxd4 4. Nxd4 e5 5. Nb5 d6 6. c4 Be7 7. N1c3 a6 8. Na3 f5 9. exf5 Bxf5 10. Bd3 Be6 11.
Nc2 Nf6 12. O-O O-O 13. Ne3 Kh8 14. b3 Qd7 15. Bb2 Rae8 16. Ne4 Nxe4 17. Bxe4 Bg5 18. Nd5 Ne7 19. Ba3 Nxd5 20. Bxd5 b5 21. Bxe6 Rxe6 22. c5 Be7 23. Qd5 Rd8 24. Rad1 Qc8 25. c6 Rg6 26. Rd3 h6 27. Rfd1 Qc7 28. Rg3 Rxg3 29. hxg3 Rc8 30. Rc1 Bf8 31. Rc2 Rb8 32. Bb4 a5 33. Bd2 a4 34. b4 Kh7 35. g4 Be7 36.
Be3 Bd8 37. a3 Be7 38. g3 Bd8 39. Kg2 Be7 40. f4 Bf6 41. g5 hxg5 42. fxg5 Be7 43.
Rc1 Kg6 44. Qe6+ Kh7 45. Rh1# 1-0

[Event "Late-Titled-Tuesday-Blitz-March-26-2024"]
[Site "Chess.com"]
[Date "2024.03.26"]
[Round "2"]
[White "RianKapriaga"]
[Black "Arigu07"]
[Result "0-1"]
[WhiteElo "2352"]
[BlackElo "2532"]
[TimeControl "180+1"]
[EndTime "14:17:47 PDT"]
[Termination "Arigu07 won by checkmate"]

1. d4 e6 2. Nf3 b6 3. Bf4 Bb7 4. e3 Nf6 5. Nbd2 g6 6. Bd3 Bg7 7. h3 O-O 8. c3 d6 9. Qe2 Nbd7 10. O-O Qe8 11. e4 e5 12. dxe5 dxe5 13. Bg5 Nh5 14. Rfe1 Nc5 15. Bb5 c6 16. Bc4 b5 17.
Bb3 Ne6 18. Bxe6 Qxe6 19. b4 h6 20. Be3 f5 21. exf5 gxf5 22. Nb3 Qf7 23. Nc5 Bc8 24.
Rad1 e4 25. Nd4 f4 26. Bc1 f3 27. Qxe4 fxg2 28. Qxg2 Kh8 29. Nce6 Rg8 30. Kh1 Bxd4 31.
Qe4 Bxe6 32. Qxd4+ Kh7 33. Rxe6 Qf3+ 34. Kh2 Qg2# 0-1

[Event "Late-Titled-Tuesday-Blitz-March-26-2024"]
[Site "Chess.com"]
[Date "2024.03.26"]
[Round "2"]
[White "Bilan_Danila"]
[Black "Vladimir_Zakhartsov"]
[Result "0-1"]
[WhiteElo "2628"]
[BlackElo "2987"]
[TimeControl "180+1"]
[EndTime "14:17:49 PDT"]
[Termination "Vladimir_Zakhartsov won by resignation"]

1. d4 Nf6 2. Nf3 d5 3. c4 e6 4. Nc3 Bb4 5. Bd2 O-O 6. e3 Nbd7 7. Bd3 c6 8. Qc2 Re8 9. a3 Bd6 10. e4 e5 11. O-O-O dxc4 12. Bxc4 b5 13. Ba2 Qe7 14. d5 Bb7 15. Kb1 Rac8 16. Qd3 Nc5 17. Qe2 a5 18. Bg5 b4 19. dxc6 Ba6 20. Nb5 b3 21. Rxd6 bxa2+ 22. Kxa2 Bxb5 23. Bxf6 Qxd6 24. Qxb5 gxf6 0-1

[Event "Late-Titled-Tuesday-Blitz-March-26-2024"]
[Site "Chess.com"]
[Date "2024.03.26"]
[Round "2"]
[White "SereneSalmon"]
[Black "Kildepiotr"]
[Result "0-1"]
[WhiteElo "2370"]
[BlackElo "2729"]
[TimeControl "180+1"]
[EndTime "14:17:50 PDT"]
[Termination "Kildepiotr won by resignation"]

1. c4 g6 2. d4 Bg7 3. e4 d6 4.
Nc3 Nc6 5. Nge2 e5 6. Be3 exd4 7. Nxd4 Nge7 8. Be2 O-O 9. h4 f5 10. Nxc6 Nxc6 11.
Bg5 Qe8 12. Nd5 Qxe4 13. O-O Rf7 14. Re1 Qd4 15. Qxd4 Nxd4 16. Bd3 Be6 17. Nf4 Bd7 18. Rad1 h6 19. Nxg6 hxg5 20. Ne7+ Kh8 21. hxg5 Re8 22.
Nd5 c6 23. Nf4 Be5 24. Nh5 Rh7 25. Nf6 Bxf6 26. gxf6 Re6 27. Rxe6 Bxe6 28. Bb1 c5 29. b3 Rf7 0-1

[Event "Late-Titled-Tuesday-Blitz-March-26-2024"]
[Site "Chess.com"]
[Date "2024.03.26"]
[Round "2"]
[White "CrushingKings"]
[Black "Rikikits"]
[Result "0-1"]
[WhiteElo "2564"]
[BlackElo "2846"]
[TimeControl "180+1"]
[EndTime "14:17:51 PDT"]
[Termination "Rikikits won on time"]

1. Nf3 d5 2. g3 c5 3. Bg2 Nc6 4. d4 Nf6 5. O-O e6 6. c4 dxc4 7. Qa4 Bd7 8. Qxc4 b5 9. Qc3 c4 10. a4 a6 11. Ne5 Nd5 12. Bxd5 exd5 13. Nxd7 Kxd7 14. axb5 axb5 15. Rxa8 Qxa8 16. Qf3 Nxd4 17. Qxf7+ Kc6 18. Nc3 Bc5 19. Bf4 Qb7 20. Qxd5+ Kb6 21.
Qxb7+ Kxb7 22. e3 Ne6 23. Nxb5 Kc6 24. Nc3 Rd8 25. Rc1 Rd2 26. Ne4 Rxb2 27. Rxc4 Kd5 28. Ra4 Bb4 29. Ng5 Nc5 30. Ra7 Nd3 31. Rd7+ Kc4 32. Ne4 Ne1 33. h4 h6 34. Rd1 Kb3 35. Be5 Nf3+ 0-1

[Event "Late-Titled-Tuesday-Blitz-March-26-2024"]
[Site "Chess.com"]
[Date "2024.03.26"]
[Round "2"]
[White "ChessQueen"]
[Black "Attacker_2006"]
[Result "1-0"]
[WhiteElo "2705"]
[BlackElo "2391"]
[TimeControl "180+1"]
[EndTime "14:17:51 PDT"]
[Termination "ChessQueen won by resignation"]

1. e4 e5 2. Nf3 Nc6 3. Bb5 a6 4. Ba4 Nf6 5. d4 exd4 6. O-O b5 7. Bb3 d6 8. Ng5 Be6 9. Bxe6 fxe6 10. Nxe6 Qe7 11.
Nxd4 Nxd4 12. Qxd4 Qe5 13. Qd3 Be7 14. Nc3 O-O 15. f4 Qh5 16. h3 Rae8 17. Bd2 Kh8 18. Rae1 c6 19. Qf3 Qxf3 20. Rxf3 Nd7 21. Be3 Bf6 22. Bf2 Nc5 23. Bxc5 dxc5 24. e5 Be7 25. Ne4 c4 26. Rd1 Rd8 27. Rxd8 Rxd8 28. f5 Kg8 29. f6 gxf6 30. exf6 Rd1+ 31. Kf2 Bd8 32.
Ng5 Bb6+ 33. Ke2 1-0

[Event "Late-Titled-Tuesday-Blitz-March-26-2024"]
[Site "Chess.com"]
[Date "2024.03.26"]
[Round "2"]
[White "Stanbad1"]
[Black "GHANDEEVAM2003"]
[Result "0-1"]
[WhiteElo "2654"]
[BlackElo "3039"]
[TimeControl "180+1"]
[EndTime "14:17:53 PDT"]
[Termination "GHANDEEVAM2003 won on time"]

1. d4 c6 2. c4 g6 3. e4 Bg7 4.
Nc3 d6 5. Be3 Nf6 6. h3 Nbd7 7.
Nf3 e5 8. d5 Qe7 9. Qc2 O-O 10.
Be2 Nc5 11. Nd2 a5 12. O-O Ne8 13. Rae1 f5 14. exf5 Bxf5 15. Nde4 Nxe4 16. Nxe4 Nf6 17. Nxf6+ Qxf6 18. Bd3 cxd5 19. cxd5 Rac8 20. Qb1 Qf7 21.
Rd1 Rfe8 22. a3 h5 23. b4 a4 24. Be4 Rc4 25. Bxf5 gxf5 26. Rc1 Rec8 27. Rxc4 Rxc4 28. Rc1 Rxc1+ 29. Qxc1 f4 30. Qc8+ Bf8 31. Bb6 Qxd5 32. Bd8 Qf7 33. Bh4 Kh7 34. Qc2+ Kh6 35. Qxa4 e4 36. Qb5 d5 37. Qb6+ Kh7 38. Qd8 Bg7 39. Qc8 d4 40. Qc2 Qg6 41. Qd1 f3 42. g3 Qf5 43.
Qd2 Qxh3 0-1

[Event "Late-Titled-Tuesday-Blitz-March-26-2024"]
[Site "Chess.com"]
[Date "2024.03.26"]
[Round "2"]
[White "sergoy"]
[Black "Jimonios"]
[Result "1-0"]
[WhiteElo "2917"]
[BlackElo "2608"]
[TimeControl "180+1"]
[EndTime "14:17:53 PDT"]
[Termination "sergoy won by resignation"]

1. d4 Nf6 2. c4 g6 3. Nc3 Bg7 4.
e4 O-O 5. Nf3 d6 6. Be2 e5 7.
O-O Na6 8. Be3 Qe7 9. d5 Ng4 10. Bg5 f6 11. Bh4 h5 12. Bg3 Nh6 13. Nd2 f5 14.
exf5 gxf5 15. f4 e4 16. Bxh5 e3 17. Re1 Ng4 18. Bxg4 fxg4 19. Nf1 Nc5 20. Nxe3 Bxc3 21. bxc3 Qg7 22. Qd4 Bd7 23. Qxg7+ Kxg7 24. Nc2 Rae8 25. Rxe8 Rxe8 26. Re1 Ne4 27. Re3 Kf7 28. Be1 Ba4 29. Nd4 b6 30. Ne6 Bc2 31. h3 gxh3 32. Rxh3 Nc5 33. Ng5+ Kg6 34. Bf2 Nd3 35. Ne6 Nxf2 36. Kxf2 Bf5 37. Rg3+ Kf6 38. Nd4 Bc8 39. Re3 Ba6 40.
Rxe8 1-0

[Event "Late-Titled-Tuesday-Blitz-March-26-2024"]
[Site "Chess.com"]
[Date "2024.03.26"]
[Round "2"]
[White "ACollins05"]
[Black "BebeBonito2022"]
[Result "1-0"]
[WhiteElo "2515"]
[BlackElo "2298"]
[TimeControl "180+1"]
[EndTime "14:17:56 PDT"]
[Termination "ACollins05 won by checkmate"]

1. Nf3 Nc6 2. e3 e5 3. d4 exd4 4. exd4 d5 5. c3 Bg4 6. Bd3 Bd6 7. O-O Nge7 8. h3 Bh5 9. Be3 Bg6 10. a4 O-O 11.
Re1 a5 12. Na3 Bxd3 13. Qxd3 Ng6 14. Nb5 Bf4 15. Qf5 Nce7 16. Qd3 c6 17. Na3 Qd7 18. Nc2 Rfe8 19. Bxf4 Nxf4 20. Qd2 Neg6 21. Ne5 Nxe5 22. dxe5 Qf5 23. Re3 Ng6 24. Nd4 Qg5 25. Nf3 Qf5 26. Nd4 Qg5 27. Nf3 Qf5 28. Rae1 Re7 29. Nd4 Qg5 30. Nf3 Qf5 31. Qd4 Qd7 32. h4 Nf8 33. g3 Ne6 34. Qg4 Rae8 35. h5 h6 36. Nh4 Ng5 37. Nf5 Qe6 38. f4 Ne4 39. Qxg7# 1-0